 Dungeon Crawl Stone Soup version 0.30-a0-39-g42789b21ef (webtiles) character file.

Game seed: 1370198522979888518

80456 SensoryNuts the Executioner (level 15, -2/124 HPs)
             Began as a Hill Orc Fighter on Aug 28, 2022.
             Was a Believer of Jiyva.
             Slain by Rupert
             ... wielding a +2 great sword of distortion
              (4 damage)
             ... on level 1 of the Spider Nest.
             The game lasted 00:41:51 (32074 turns).

SensoryNuts the Executioner (Hill Orc Fighter)     Turns: 32074, Time: 00:41:53

Health: -2/124     AC: 37    Str: 39    XL:     15   Next: 67%
Magic:  15/15      EV:  7    Int: 15    God:    Jiyva [**....]
Gold:   932        SH: 19    Dex: 11    Spells: 14/14 levels left

rFire   . . .      SeeInvis .    a - +6 war axe (venom)
rCold   + . .      Faith    .    r - +2 kite shield
rNeg    . . .      Spirit   .    m - +9 crystal plate armour "Vyebat" {Contam Harm Int+7}
rPois   +          Reflect  +    q - +1 helmet
rElec   .          Harm     +    (no cloak)
rCorr   +          Rampage  .    h - +0 pair of gloves "Loxaagh" {rPois Str+4 Dex-4}
Will    +....      Clarity  +    M - +0 pair of boots
Stlth   ..........               p - amulet of reflection
HPRegen 1.26/turn                z - ring of Pitz {Fly rC+ Str+4 Dex+3}
MPRegen 0.44/turn                H - +6 ring of strength

@: flying
A: clarity, frail 1
a: Renounce Religion


You were on level 1 of the Spider Nest.
You worshipped Jiyva.
Jiyva was pleased with you.
You visited 7 branches of the dungeon, and saw 26 of its levels.
You also visited: Sewer.

You collected 2924 gold pieces.
You spent 1992 gold pieces at shops.

Inventory:

Hand Weapons
 a - a +6 war axe of venom (weapon)
Missiles
 o - 5 throwing nets (quivered)
Armour
 h - the +0 pair of gloves "Loxaagh" (worn) {rPois Str+4 Dex-4}
   (You acquired it on level 3 of the Dungeon)

   Str:       It affects your strength (+4).
   Dex:       It affects your dexterity (-4).
   rPois:     It protects you from poison.
 m - the +9 crystal plate armour "Vyebat" (worn) {Contam Harm Int+7}
   (You acquired it on level 3 of the Dungeon)

   Int:       It affects your intelligence (+7).
   Contam:    It causes magical contamination when unequipped.
   Harm:      It increases damage dealt and taken.
 q - a +1 helmet (worn)
 r - a +2 kite shield (worn)
 M - a +0 pair of boots (worn)
Jewellery
 f - a +4 ring of evasion
 g - a ring of poison resistance
 p - an amulet of reflection (around neck)
 s - a ring of flight
 w - a ring of magical power
 z - the ring of Pitz (left hand) {Fly rC+ Str+4 Dex+3}
   (You found it on level 14 of the Dungeon)

   [ring of flight]

   Str:       It affects your strength (+4).
   Dex:       It affects your dexterity (+3).
   rC:        It protects you from cold.
   Fly:       It grants you flight.
 F - an amulet of magic regeneration
 G - a ring of willpower
 H - a +6 ring of strength (right hand)
Wands
 c - a wand of acid (3)
 l - a wand of charming (12)
 y - a wand of roots (11)
 A - a wand of flame (40)
Scrolls
 i - 2 scrolls of blinking
 k - 2 scrolls of magic mapping
 u - a scroll of fog
 x - a scroll of summoning
 B - 2 scrolls of teleportation
 C - 3 scrolls of amnesia
 D - 4 scrolls of identify
 E - a scroll of silence
Potions
 b - a potion of attraction
 d - 2 potions of cancellation
 e - 5 potions of degeneration
 j - 2 potions of magic
 n - a potion of mutation
 t - a potion of lignification
 v - 2 potions of brilliance
 J - a potion of might
 L - a potion of haste


   Skills:
 + Level 14.0 Fighting
 * Level 23.4 Axes
 + Level 13.1 Armour
 + Level 1.0 Dodging
 + Level 0.8 Stealth
 + Level 13.7 Shields


You had 14 spell levels left.
You didn't know any spells.
Your spell library contained the following spells:

 Spells                   Type           Power      Damage    Failure   Level
 Apportation              Tloc           0%         N/A       99%         1
 Beastly Appendage        Tmut           0%         N/A       99%         1
 Magic Dart               Conj           0%         1d3       99%         1
 Necrotise                Necr           0%         1d4       99%         1
 Shock                    Conj/Air       0%         1d3       99%         1
 Slow                     Hex            0%         N/A       99%         1
 Summon Small Mammal      Summ           0%         N/A       99%         1
 Blink                    Tloc           0%         N/A       100%        2
 Call Imp                 Summ           0%         N/A       100%        2
 Sublimation of Blood     Necr           0%         N/A       100%        2
 Wereblood                Tmut           0%         N/A       100%        2
 Confusing Touch          Hex            0%         N/A       100%        3
 Ignite Poison            Fire/Tmut/Pois 0%         N/A       100%        3
 Lesser Beckoning         Tloc           0%         N/A       100%        3
 Mephitic Cloud           Conj/Pois/Air  0%         N/A       100%        3
 Spider Form              Tmut/Pois      0%         N/A       100%        3
 Summon Guardian Golem    Hex/Summ       0%         N/A       100%        3
 Swiftness                Air            0%         N/A       100%        3
 Tukima's Dance           Hex            0%         N/A       100%        3
 Vampiric Draining        Necr           0%         2d6       100%        3
 Airstrike                Air            0%         2d(0-16)  100%        4
 Passage of Golubria      Tloc           0%         N/A       100%        4
 Petrify                  Tmut/Erth      0%         N/A       100%        4
 Freezing Cloud           Conj/Ice/Air   0%         6-21      100%        5
 Irradiate                Conj/Tmut      0%         3d11      100%        5
 Iskenderun's Battlesphe  Conj           0%         2d6       100%        5
 Manifold Assault         Tloc           0%         N/A       100%        5
 Yara's Violent Unravell  Hex/Tmut       0%         3d3       100%        5
 Dispersal                Tloc           0%         N/A       100%        6
 Iron Shot                Conj/Erth      0%         9d1       100%        6
 Orb of Destruction       Conj           0%         9d5       100%        7
 Spellforged Servitor     Conj/Summ      0%         N/A       100%        7
 Disjunction              Tloc           0%         N/A       100%        8


Dungeon Overview and Level Annotations

Branches:
Dungeon (15/15)            Temple (1/1) D:4            Lair (5/5) D:11
  Swamp (0/4) Lair:2       Spider (1/4) Lair:3        Slime (0/5) Lair:4
    Orc (2/2) D:10            Elf (1/3) Orc:2        Vaults (0/5) D:14
 Depths (1/4) D:15          Sewer (visited)

Altars:
Ashenzari
Cheibriados
Dithmenos
Elyvilon
Fedhas
Gozag
Hepliaklqana
Kikubaaqudgha
Makhleb
Nemelex Xobeh
Okawaru
Qazlal
Ru
Sif Muna
Trog
Uskayaw
Vehumet
Wu Jian
Xom
Yredelemnul
Zin
The Shining One
Beogh
Jiyva

Shops:
D:1 ([:*   D:5 [   D:6 [   Orc:2 ([(=

Annotations:
D:12 Snorg
Lair:4 2 transporters
Spider:1 Rupert


Innate Abilities, Weirdness & Mutations

You possess an exceptional clarity of mind.
You are frail. (-10% HP)


Message History

The demonic crawler shrieks in warning!
Rupert screams, "Die, monster!"
Rupert roars madly and goes into a rage!
Rupert goes berserk!
You hear a hideous shriek!
You hear a faint skittering sound. x2
Rupert rages.
You slash Rupert!
Rupert looks as sick as possible!
Rupert is lightly wounded.
Rupert hits you with a +2 great sword of distortion!!
Space warps around you.
Rupert hits you with a +2 great sword of distortion!
Space warps around you.
You hit Rupert.
Rupert looks as sick as possible!
Rupert is lightly wounded.
You block Rupert's attack.
You slash Rupert!
Rupert looks as sick as possible!
Rupert is moderately wounded.
You slash the demonic crawler! The demonic crawler hits you.
You block the demonic crawler's attack.
The demonic crawler hits you but does no damage.
You block Rupert's attack.
You slash Rupert!
Rupert looks as sick as possible!
Rupert is moderately wounded.
You hit the demonic crawler.
You block the demonic crawler's attack. x3
Rupert hits you with a +2 great sword of distortion!!
* * * LOW HITPOINT WARNING * * *
The jelly closely misses Rupert.
You slash Rupert!
Rupert looks as sick as possible!
Rupert is moderately wounded.
You barely miss the demonic crawler. You block Rupert's attack.
The demonic crawler shrieks in warning!
The jelly hits Rupert but does no damage.
You hear a faint skittering sound. x3
You feel much better. You block Rupert's attack.
The demonic crawler hits you but does no damage.
The demonic crawler barely misses you. You block the demonic crawler's attack.
Rupert hits you with a +2 great sword of distortion!!!
* * * LOW HITPOINT WARNING * * *
Space warps around you.
You die...

......#...............
...#..#^.....#.......
...#......###....###
................##
.............##
..............#
..........#...#
..#...........###
.....#...@..#
.....#...@s.....# ...
##..J...#### ##.....#
.....## ..#...#
...##.. ##.. ###


You could see Rupert (berserk, extremely poisoned), a demonic crawler (catching
breath) and a neutral jelly (wandering) (fellow slime).

Vanquished Creatures
  Jorgrun (Orc:2)
  An orc warlord (Orc:2)
  A dire elephant (D:15)
  Josephine (D:12)
  3 hydras
  Fannar (Orc:1)
  A boulder beetle (D:15)
  A vault guard (D:14)
  Erolcha (D:12)
  3 catoblepae (Lair:5)
  5 two-headed ogres
  A centaur warrior (D:14)
  9 death yaks
  5 tengu warriors
  Urug (Orc:2)
  4 orc high priests (Orc:2)
  Nergalle (Orc:1)
  3 skeletal warriors (D:13)
  Lodul (D:12)
  A lindwurm (Lair:5)
  A wizard (D:14)
  2 ugly things
  3 cyclopes
  8 orc knights
  2 wolf spiders
  4 orc sorcerers
  A salamander (D:15)
  5 manticores
  3 elephants (Lair:5)
  An elephant (shapeshifter) (D:13)
  A gargoyle (D:11)
  4 molten gargoyles (D:12)
  2 black mambas
  10 cane toads
  2 rime drakes
  2 ice devils (D:13)
  10 komodo dragons
  5 yaktaurs (D:15)
  A tengu conjurer (D:15)
  A tarantella (Spider:1)
  A tyrant leech (Lair:2)
  A tarantella (shapeshifter) (D:9)
  2 hornets
  A polar bear (Lair:2)
  5 trolls
  11 slime creatures
  3 blink frogs (Lair:3)
  7 dream sheep (Lair:4)
  Sigmund (D:4)
  A shadow (D:9)
  5 wyverns
  4 wraiths
  2 vampires
  50 yaks
  2 basilisks
  A water elemental (Depths:1)
  10 redbacks
  3 steam dragons
  3 wargs
  3 swamp worms (Lair:2)
  8 water moccasins
  An acid dragon (D:9)
  42 orc warriors
  Pargi (Sewer)
  7 black bears
  5 centaurs
  3 wolves (Lair:2)
  22 ogres
  A phantom (D:7)
  3 kobold brigands
  A necrophage (D:4)
  12 bullfrogs
  4 gnoll sergeants
  A scorpion (D:6)
  9 wights
  15 killer bees
  3 electric eels (D:11)
  2 howler monkeys (D:10)
  5 jellies
  8 hounds
  26 orc priests
  A gnoll bouda (D:7)
  2 iguanas
  23 orc wizards
  8 hell rats
  27 gnolls
  13 adders
  10 river rats (Lair:4)
  2 white imps
  4 worms
  A dart slug (D:3)
  114 orcs
  5 bats
  5 endoplasms
  7 giant cockroaches
  16 goblins
  9 hobgoblins
  23 kobolds
  5 quokkas
  9 ball pythons
  6 frilled lizards
  8 rats
706 creatures vanquished.

Vanquished Creatures (collateral kills)
  A hydra (D:15)
1 creature vanquished.

Vanquished Creatures (others)
  A deep elf pyromancer (D:13)
  A yak (Lair:5)
  Blork the orc (D:6)
  12 jellies
  3 orcs (Orc:1)
  36 fungi
  35 plants
89 creatures vanquished.

Grand Total: 796 creatures vanquished

Notes
Turn   | Place    | Note
-------+----------+-------------------------------------------
     0 | D:1      | SensoryNuts the Hill Orc Fighter began the quest for the
                  | Orb.
     0 | D:1      | Reached XP level 1. HP: 19/19 MP: 1/1
   249 | D:1      | Found Gynaqudi's Book Emporium.
   273 | D:1      | Reached XP level 2. HP: 27/27 MP: 2/2
   451 | D:1      | Found Poiruh's General Store.
   601 | D:1      | Reached skill level 3 in Axes
   614 | D:1      | Found Kuifemm's Weapon Shoppe.
   846 | D:1      | Found Azau's Antique Armour Boutique.
  1204 | D:2      | Reached XP level 3. HP: 31/33 MP: 3/3
  1244 | D:1      | Reached skill level 4 in Axes
  1391 | D:2      | Reached XP level 4. HP: 12/40 MP: 4/4
  1756 | D:2      | Reached skill level 5 in Axes
  1809 | D:2      | Reached XP level 5. HP: 43/46 MP: 5/5
  1959 | D:2      | Found a faded altar of an unknown god.
  2065 | D:3      | Found a glowing drain.
  2092 | Sewer    | Entered a sewer
  2119 | Sewer    | Noticed Pargi
  2127 | Sewer    | Killed Pargi
  2128 | Sewer    | Reached skill level 6 in Axes
  2128 | Sewer    | Reached XP level 6. HP: 42/53 MP: 6/6
  2392 | D:3      | Identified 3 scrolls of acquirement
  2392 | D:3      | Acquired 733 gold pieces
  2394 | D:3      | Acquired the +0 pair of gloves "Loxaagh" {rPois Str+4
                  | Dex-4}
  2396 | D:3      | Acquired the +9 crystal plate armour "Vyebat" {Contam Harm
                  | Int+7}
  2694 | D:3      | Found a stormy altar of Qazlal.
  2720 | D:3      | Reached skill level 7 in Axes
  3391 | D:4      | Reached XP level 7. HP: 60/60 MP: 7/7
  3398 | D:4      | Reached skill level 8 in Axes
  3588 | D:4      | Found a snail-covered altar of Cheibriados.
  3588 | D:4      | Found an opulent altar of Gozag.
  3797 | D:4      | Noticed Sigmund
  3805 | D:4      | Killed Sigmund
  3806 | D:4      | Reached skill level 9 in Axes
  3879 | D:4      | Found a staircase to the Ecumenical Temple.
  3889 | Temple   | Entered the Ecumenical Temple
  4044 | D:5      | Entered Level 5 of the Dungeon
  4314 | D:5      | Reached XP level 8. HP: 67/67 MP: 8/8
  4453 | D:5      | Reached skill level 10 in Axes
  4745 | D:5      | Found Muihi's Armour Boutique.
  5125 | D:6      | Noticed a komodo dragon
  5132 | D:6      | Killed a komodo dragon
  5133 | D:6      | Reached skill level 5 in Fighting
  5133 | D:6      | Reached skill level 11 in Axes
  5133 | D:6      | Reached skill level 5 in Armour
  5273 | D:6      | Found Unyeps's Antique Armour Emporium.
  5470 | D:6      | Found a white marble altar of Elyvilon.
  5541 | D:6      | Reached skill level 12 in Axes
  5825 | D:6      | Noticed Blork the orc
  5882 | D:6      | Killed Blork the orc
  5937 | D:6      | Found a shimmering blue altar of Sif Muna.
  6139 | D:7      | Reached XP level 9. HP: 68/74 MP: 9/9
  6262 | D:7      | Reached skill level 13 in Axes
  6274 | D:7      | Reached skill level 1 in Dodging
  6597 | D:7      | Found an iron altar of Okawaru.
  6662 | D:7      | Reached skill level 14 in Axes
  6748 | D:7      | Reached skill level 5 in Shields
  7417 | D:8      | Found a bloodstained altar of Trog.
  7425 | D:8      | Noticed a two-headed ogre
  7436 | D:8      | Killed a two-headed ogre
  7437 | D:8      | Reached skill level 15 in Axes
  7437 | D:8      | Reached XP level 10. HP: 78/84 MP: 10/10
  7510 | D:8      | Found a blossoming altar of Fedhas.
  8293 | D:9      | Noticed a brown ugly thing
  8310 | D:9      | Killed a brown ugly thing
  8311 | D:9      | Reached skill level 16 in Axes
  8955 | D:9      | Reached XP level 11. HP: 92/92 MP: 11/11
  8961 | D:9      | Reached skill level 17 in Axes
  9212 | D:9      | Found an ancient bone altar of Kikubaaqudgha.
  9484 | D:10     | Entered Level 10 of the Dungeon
  9576 | D:10     | Identified the +3 ring mail of Lagron {rC+}
  9666 | D:10     | Found a staircase to the Orcish Mines.
  9960 | D:10     | Noticed a two-headed ogre
  9969 | D:10     | Killed a two-headed ogre
 10401 | D:11     | Noticed a two-headed ogre
 10409 | D:11     | Killed a two-headed ogre
 10437 | D:11     | Found a snail-covered altar of Cheibriados.
 10778 | D:11     | Found a staircase to the Lair.
 10820 | D:11     | Reached skill level 18 in Axes
 11464 | D:12     | Noticed Lodul
 12124 | D:12     | Killed Lodul
 12150 | D:12     | Noticed a red ugly thing
 12165 | D:12     | Killed a red ugly thing
 12166 | D:12     | Reached XP level 12. HP: 66/104 MP: 12/12
 12352 | D:12     | Noticed Josephine
 12360 | D:12     | Killed Josephine
 12444 | D:12     | Reached skill level 19 in Axes
 13113 | D:12     | Noticed Erolcha
 13121 | D:12     | Killed Erolcha
 13353 | D:12     | Reached skill level 10 in Fighting
 14111 | D:13     | Noticed Snorg
 14382 | D:12     | Gained mutation: Your magical capacity is low. (-10% MP)
                  | [potion of mutation]
 14382 | D:12     | Gained mutation: You are frail. (-10% HP) [potion of
                  | mutation]
 14382 | D:12     | Lost mutation: Your magical capacity is low. (-10% MP)
                  | [potion of mutation]
 14382 | D:12     | Gained mutation: You possess an exceptional clarity of
                  | mind. [potion of mutation]
 14509 | Lair:1   | Entered Level 1 of the Lair of Beasts
 15051 | Lair:1   | Noticed a five-headed hydra
 15161 | D:13     | Reached skill level 20 in Axes
 15272 | D:13     | Reached skill level 10 in Armour
 15280 | D:13     | Reached XP level 13. HP: 102/102 MP: 13/13
 15479 | D:14     | Identified the ring of Pitz {Fly rC+ Str+4 Dex+3}
 15741 | D:14     | Reached skill level 10 in Shields
 16891 | D:14     | Found a gate to the Vaults.
 16891 | D:14     | Noticed a vault guard
 16901 | D:14     | Killed a vault guard
 16994 | D:15     | Entered Level 15 of the Dungeon
 17322 | D:15     | Found an opulent altar of Gozag.
 18820 | D:15     | Found a staircase to the Depths.
 18820 | D:15     | Noticed a dire elephant
 18833 | D:15     | Killed a dire elephant
 18834 | D:15     | Reached skill level 21 in Axes
 19587 | Depths:1 | Entered Level 1 of the Depths
 21556 | Orc:1    | Entered Level 1 of the Orcish Mines
 21661 | Orc:2    | Entered Level 2 of the Orcish Mines
 21826 | Orc:2    | Reached XP level 14. HP: 89/112 MP: 14/14
 22447 | Orc:2    | Found a staircase to the Elven Halls.
 22779 | Orc:2    | Noticed Jorgrun
 22822 | Orc:2    | Killed Jorgrun
 22958 | Orc:2    | Found a roughly hewn altar of Beogh.
 23139 | Orc:2    | Found Inlo's Antique Weapon Boutique.
 23191 | Orc:2    | Found Losuomux's Jewellery Shop.
 23324 | Orc:2    | Noticed an orc warlord
 23335 | Orc:2    | Found a roughly hewn altar of Beogh.
 23344 | Orc:2    | Killed an orc warlord
 24145 | Orc:2    | Found Jionin's Armour Shop.
 24151 | Orc:2    | Reached skill level 22 in Axes
 24271 | Orc:2    | Found Fiazxiawn's Weapon Shoppe.
 24627 | Elf:1    | Entered Level 1 of the Elven Halls
 24684 | Orc:1    | Noticed Urug
 24688 | Orc:1    | Noticed Fannar
 24702 | Orc:2    | Killed Urug
 25274 | Orc:1    | Noticed Nergalle
 25282 | Orc:1    | Killed Nergalle
 25380 | Orc:1    | Killed Fannar
 26207 | D:1      | Bought a shiny crystal plate armour for 1992 gold pieces
 27767 | Lair:2   | You are sucked into a shaft and drop 2 floors!
 27907 | Lair:4   | Found a transporter.
 27907 | Lair:4   | Found a transporter.
 27948 | Lair:4   | Found a dark tunnel.
 28076 | Lair:2   | Found a staircase to the Swamp.
 28088 | Lair:2   | Reached XP level 15. HP: 22/122 MP: 15/15
 29166 | Lair:3   | Found a hole to the Spider Nest.
 29930 | Lair:4   | Found a viscous altar of Jiyva.
 29930 | Lair:4   | Found a staircase to the Slime Pits.
 29955 | Lair:4   | Became a worshipper of Jiyva Jimaj the Shapeless
 30452 | Lair:5   | Entered Level 5 of the Lair of Beasts
 30611 | Lair:5   | Reached skill level 23 in Axes
 31082 | Lair:5   | Reached * piety under Jiyva
 31293 | Lair:5   | Identified the +0 long sword "Zemioff" {flame, rN++ Str-4
                  | Int+3}
 31378 | Lair:5   | Reached ** piety under Jiyva
 31869 | Spider:1 | Entered Level 1 of the Spider Nest
 32064 | Spider:1 | Noticed Rupert
 32065 | Spider:1 | Paralysed by Rupert for 2 turns
 32074 | Spider:1 | HP: 2/124 [Rupert/+2 great sword of distortion (48)]
 32074 | Spider:1 | Slain by Rupert

Illustrated notes

Levels and vault maps discovered:
D:1:      dpeg_arrival_more_subterranean_lakeside_camping, layout_loops_corners,
          serial_shops, nicolae_shop_trees, shop,
          nicolae_shop_bloodbath_and_beyond, nicolae_lakefront_shop
D:2:      layout_rooms, shapermc_ecumenical_altar_acropolis, minmay_pentomino_u4
D:3:      layout_loops_ring, marbit_many_paths, portal_sewer_entry_f,
          serial_park_tiny_1, dk_noncrumbling_2
D:4:      layout_basic, gammafunk_temple_overflow_statue,
          minmay_temple_entry_poolview, hangedman_decor_opposing, uniq_sigmund
D:5:      layout_loops_cross, serial_shops, kennysheep_little_box
D:6:      layout_basic, elyvilon_altar_1, tgw_sif, serial_shops,
          nicolae_shop_behind_doors, uniq_blork_the_orc
D:7:      layout_cave_pools, okawaru_ov_weapons_minmay,
          amcnicky_mini_corridor_feature, chequers_garden
D:8:      layout_loops_cross, mainiacjoe_overflow_cross_hatched,
          lemuel_doored_altar
D:9:      minmay_recursive_quarters, layout_basic,
          lemuel_coloured_pillars_altar, serial_glass, glass_columns_b,
          glass_columns_a
D:10:     layout_roguey, minmay_orc_entry_guard_dogs
D:11:     layout_layer_cave, erik_lair_island, minmay_misc_feat_square,
          slow_altar_1
D:12:     layout_cave_pools, minivault_8, uniq_erolcha, uniq_josephine,
          uniq_lodul
D:13:     layout_rooms, portal_ice_cave_demonic_guard, uniq_snorg
D:14:     layout_roguey, david_vaults_5, minivault_26
D:15:     hangedman_depths_entry_try_elsewhere_first, layout_cave_pods,
          grunt_gozag_breadcrumbs
Temple:   dshaligram_water_room_temple
Lair:1:   layout_misc_corridors, beast_lair_carwin_10
Lair:2:   layout_roguey, palyth_hydra_swamp_entry
Lair:3:   layout_hall_layers, spider_nest_entry_a
Lair:4:   gammafunk_boulding_lane, layout_cave_pods, dpeg_slime_entry_enclosed,
          enter_volcano_1, kennysheep_rathole
Lair:5:   evilmike_catoblepas_cave, layout_gridlike
Spider:1: layout_spider_delve, hellmonk_narrow_tunnel,
          hangedman_spider_tarantella_strand, uniq_rupert
Orc:1:    layout_diamond_mine, sword_in_stone, uniq_nergalle, uniq_fannar
Orc:2:    pubby_orc_utopia, uniq_jorgrun
Elf:1:    minmay_elf_arrival_circle, layout_gridlike, hangedman_elf_disciples
Depths:1: minmay_swirls_squares, layout_cave_shapes, hell_entry, serial_shops,
          nicolae_shop_stone, abyss_entry, kennysheep_donut,
          nicolae_wooded_promenade, hangedman_summoners_spam

Skill      XL: |  1  2  3  4  5  6  7  8  9 10 11 12 13 14 15 |
---------------+----------------------------------------------+-----
Axes           | 3 4 5 6 7 9 12 15 16 18 20 21 22 23 | 23.4
Fighting       | 4 5 6 7 9 10 11 13 14 | 14.0
Armour         | 4 5 6 7 8 10 11 12 13 | 13.1
Shields        | 4 5 6 8 9 11 12 13 | 13.7
Dodging        | 1 |  1.0
Stealth        | |  0.8

Action                   |  1- 3 |  4- 6 |  7- 9 | 10-12 | 13-15 || total
-------------------------+-------+-------+-------+-------+-------++-------
Melee: War axe           |    75 |   189 |   282 |   608 |   939 ||  2093
  Use: Scroll            |     1 |    11 |     6 |     6 |    23 ||    47
       Potion            |     2 |       |     6 |    15 |     7 ||    30
Armor: Scale mail        |    49 |    69 |       |       |       ||   118
       Crystal plate arm |       |    50 |   268 |   367 |   469 ||  1154
       Skin              |       |       |     5 |       |       ||     5
Dodge: Dodged            |    38 |    83 |    51 |   106 |   209 ||   487
Block: Buckler           |    15 |    46 |    93 |   247 |   162 ||   563
       Reflection        |       |       |     1 |     6 |    35 ||    42
       Kite shield       |       |       |       |       |   512 ||   512

Table legend: (Time is in decaauts)
 A = Elapsed time spent in this place.
 B = Non-inter-level travel time spent in this place.
 C = Inter-level travel time spent in this place.
 D = Time resting spent in this place.
 E = Time spent auto-exploring this place.
 F = Levels seen in this place.
 G = Mean time per level.
                   A        B        C        D        E       F      G
               +--------+--------+--------+--------+--------+-----+--------+
         Total |  31804 |  26412 |   5392 |    615 |  21081 |  27 | 1177.9 |
       Dungeon |  22024 |  17499 |   4525 |    572 |  13897 |  15 | 1468.3 |
        Temple |    120 |    120 |      0 |      0 |     60 |   1 |  120.0 |
          Lair |   5138 |   4520 |    618 |     43 |   3701 |   5 | 1027.6 |
   Spider Nest |    201 |    201 |      0 |      0 |    166 |   1 |  201.0 |
  Orcish Mines |   4030 |   3781 |    249 |      0 |   3103 |   2 | 2015.0 |
   Elven Halls |      1 |      1 |      0 |      0 |      0 |   1 |    1.0 |
        Depths |     22 |     22 |      0 |      0 |      6 |   1 |   22.0 |
         Sewer |    265 |    265 |      0 |      0 |    148 |   1 |  265.0 |
               +--------+--------+--------+--------+--------+-----+--------+

Top non-repeatable levels by time:
   Orc:2: 3565 daAuts
    D:11: 2279 daAuts
    D:15: 2178 daAuts
     D:1: 2067 daAuts
    D:12: 2050 daAuts
     D:6: 1855 daAuts
    D:14: 1658 daAuts
     D:9: 1621 daAuts
  Lair:4: 1279 daAuts
  Lair:2: 1279 daAuts
     D:5: 1234 daAuts
    D:13: 1227 daAuts
  Lair:5: 1214 daAuts
     D:7: 1208 daAuts
    D:10: 1067 daAuts
